 Dungeon Crawl Stone Soup version 0.25-a0-578-gc91f01c39c (webtiles) character file.

Game seed: 9186290300094793642, levelgen mode: deterministic

2431 wullow the Shield-Bearer (level 9, -1/103 HPs)
             Began as a Demonspawn Fighter on Mar 6, 2020.
             Was a Follower of Okawaru.
             Succumbed to a killer bee's poison
             ... on level 8 of the Dungeon.
             The game lasted 00:19:18 (7074 turns).

wullow the Shield-Bearer (Demonspawn Fighter)       Turns: 7074, Time: 00:19:18

Health: -1/103     AC: 24    Str: 19    XL:     9   Next: 24%
Magic:  12/12      EV:  2    Int: 10    God:    Okawaru [*.....]
Gold:   255        SH: 12    Dex: 15    Spells: 12/12 levels left

rFire    + . .     SeeInvis .   I - +3 spear (freeze)
rCold    + . .     Gourm    .   c - +1 kite shield
rNeg     + + +     Faith    .   (armour currently unavailable)
rPois    +         Spirit   .   (helmet currently unavailable)
rElec    +         Reflect  .   (cloak currently unavailable)
rCorr    +         Harm     .   (gloves currently unavailable)
MR       .....     NoTele   +   (boots currently unavailable)
Stlth    ++........             l - amulet of the acrobat
HPRegen  0.27/turn              e - ring of wizardry
MPRegen  0.13/turn              v - +2 ring of dexterity

@: brilliant, lethally poisoned (-1 -> -35), tree-form, resistant
A: demonic guardian 2
a: Heroism, Renounce Religion


You were on level 8 of the Dungeon.
You worshipped Okawaru.
Okawaru was aware of your devotion.
You were not hungry.
You were a tree.
You visited 2 branches of the dungeon, and saw 9 of its levels.

You collected 320 gold pieces.
You spent 65 gold pieces at shops.

Inventory:

Hand Weapons
 q - a +2 dagger of venom
 t - a +0 hunting sling
 I - a +3 spear of freezing (weapon)
 L - a +4 trident
Missiles
 g - 29 sling bullets
 i - 248 stones (quivered)
 n - a throwing net
 p - 117 arrows
 w - 25 poisoned darts
Armour
 c - a +1 kite shield (worn)
 x - a +0 cloak (melded)
 K - the +1 leather armour "Orajyimig" (melded) {rF+ Dex+2}
   (You found it on level 6 of the Dungeon)

   It affects your dexterity (+2).
   It protects you from fire.
   If you remove this armour, your AC will remain unchanged.
Jewellery
 e - a ring of wizardry (left branch)
 l - an amulet of the acrobat (around neck)
 u - an uncursed ring of magical power
 v - a +2 ring of dexterity (right branch)
 G - an uncursed ring of ice
Wands
 a - a wand of disintegration (20)
 B - a wand of random effects (35)
 J - a wand of flame (12)
Scrolls
 b - a scroll of remove curse
 k - 3 scrolls of teleportation
 y - a scroll of identify
 A - 2 scrolls of enchant weapon
 D - 2 scrolls of enchant armour
Potions
 d - a potion of might
 h - a potion of lignification
 j - a potion of brilliance
 s - 2 potions of haste
 z - 7 potions of curing {unknown}
 E - 3 potions of magic {unknown}
 H - 2 potions of mutation {unknown}
Comestibles
 f - 15 rations
 m - a chunk of flesh


   Skills:
 + Level 5.8 Fighting
 * Level 6.7 Polearms
 + Level 3.7 Armour
 - Level 2.0 Stealth
 * Level 7.1 Shields
 - Level 2.0 Spellcasting
 + Level 2.2 Evocations


You had 12 spell levels left.
You didn't know any spells.
Your spell library was empty.

Dungeon Overview and Level Annotations

Branches:
Dungeon (8/15)             Temple (1/1) D:6
   Lair: D:8-11

Altars:
Ashenzari
Cheibriados
Dithmenos
Elyvilon
Fedhas
Gozag
Hepliaklqana
Kikubaaqudgha
Makhleb
Nemelex Xobeh
Okawaru
Qazlal
Ru
Sif Muna
Trog
Uskayaw
Vehumet
Wu Jian
Xom
Yredelemnul
Zin
The Shining One

Shops:
D:4 [*=   D:5 [?(   D:7 [


Innate Abilities, Weirdness & Mutations

((You have sharp toenails.))
A demonic guardian rushes to your aid.
((Your flesh is heat resistant. (rF+)))
((Your movements are less encumbered by armour. (ER -4)))


Message History

Your surroundings suddenly seem different.
* * * LOW HITPOINT WARNING * * *
You feel very sick.
A phantom comes into view.
Found a long sword.
Found two stone staircases leading down.
Okay, then.
It was a potion of lignification.
You turn into a tree.
Your +0 cloak melds into your body.
The +1 leather armour "Orajyimig" {rF+ Dex+2} melds into your body.
Your roots penetrate the ground.
* * * LOW HITPOINT WARNING * * *
You feel very sick.
It was a potion of resistance.
You feel protected.
* * * LOW HITPOINT WARNING * * *
You feel very sick.
It was a potion of brilliance.
You feel clever all of a sudden.
You die...

.........).....
...............
...............
...............
...............
...............
...............
.......♣.....>.
..>......3.....
...............
...............
...........W...
...............
.............#.
............##


You could see a phantom and a friendly soul eater.

Vanquished Creatures
  A water moccasin (D:6)
  A black bear (D:6)
  An orc warrior (D:5)
  A phantom (D:6)
  A centaur (D:7)
  An ogre (D:7)
  2 bullfrogs
  2 scorpions
  4 killer bees
  6 wights
  A howler monkey (D:5)
  4 crimson imps
  3 hounds
  3 orc priests
  A bullfrog skeleton (D:4)
  A gnoll shaman (D:4)
  Natasha (thrice) (D:3)
  Terence (D:2)
  7 worker ants
  2 iguanas
  A hound skeleton (D:4)
  A worker ant zombie (D:6)
  A howler monkey skeleton (D:7)
  3 gnolls (D:4)
  7 adders
  2 river rats (D:4)
  3 dart slugs
  2 leopard geckos
  12 orcs
  5 bats
  2 bat zombies (D:7)
  4 giant cockroaches
  9 goblins
  7 hobgoblins
  7 jackals
  5 kobolds
  5 quokkas
  A ball python (D:4)
  5 frilled lizards
  A leopard gecko skeleton (D:6)
  8 rats
  2 rat zombies (D:7)
139 creatures vanquished.

Vanquished Creatures (collateral kills)
  An ogre (D:4)
  3 killer bees (D:7)
  3 wights
  3 crimson imps (D:3)
  A centaur zombie (D:6)
  A bullfrog zombie (D:6)
  A worker ant (D:6)
  5 orcs (D:6)
18 creatures vanquished.

Grand Total: 157 creatures vanquished

Notes
Turn   | Place    | Note
-------+----------+-------------------------------------------
     0 | D:1      | wullow the Demonspawn Fighter began the quest for the Orb.
     0 | D:1      | Reached XP level 1. HP: 18/18 MP: 1/1
    38 | D:1      | Gained mutation: A weak demonic guardian rushes to your
                  | aid. [demonic ancestry]
    38 | D:1      | Reached XP level 2. HP: 11/24 MP: 2/2
   267 | D:1      | Reached skill level 3 in Shields
   843 | D:2      | Gained mutation: Your movements are slightly less
                  | encumbered by armour. (ER -2) [demonic ancestry]
   843 | D:2      | Reached XP level 3. HP: 29/29 MP: 3/3
  1264 | D:2      | Found a hide-covered altar of Uskayaw.
  1527 | D:2      | Gained mutation: Your movements are less encumbered by
                  | armour. (ER -4) [demonic ancestry]
  1527 | D:2      | Reached XP level 4. HP: 35/35 MP: 4/4
  1539 | D:2      | Found a sacrificial altar of Ru.
  1591 | D:2      | Noticed Terence
  1611 | D:2      | Killed Terence
  1956 | D:3      | Noticed Natasha
  1969 | D:3      | Killed Natasha
  2115 | D:3      | Noticed Natasha
  2124 | D:3      | Killed Natasha
  2124 | D:3      | Gained mutation: You have sharp toenails. [demonic
                  | ancestry]
  2124 | D:3      | Reached XP level 5. HP: 35/41 MP: 5/5
  2181 | D:3      | Noticed Natasha
  2191 | D:3      | Killed Natasha
  2191 | D:3      | Reached skill level 4 in Shields
  2405 | D:3      | Found a shimmering altar of Xom.
  2576 | D:3      | Reached XP level 6. HP: 48/48 MP: 6/6
  2924 | D:4      | Found Suonecleurhy's Jewellery Shop.
  3013 | D:4      | Found Deap's General Store.
  3017 | D:4      | Bought a potion of heal wounds for 65 gold pieces
  3389 | D:4      | Reached skill level 5 in Shields
  3389 | D:4      | HP: 2/49 [orc/+0 trident (8)]
  3422 | D:4      | HP: 2/49 [orc/+0 trident (6)]
  3591 | D:4      | Gained mutation: Your flesh is heat resistant. (rF+)
                  | [demonic ancestry]
  3591 | D:4      | Reached XP level 7. HP: 32/55 MP: 7/7
  3645 | D:4      | Found Zeopsant's Antique Armour Boutique.
  4132 | D:5      | Entered Level 5 of the Dungeon
  4315 | D:5      | Reached skill level 5 in Polearms
  4349 | D:5      | You fall into a shaft and drop 2 floors!
  4440 | D:6      | Got a heavily runed leather armour
  4446 | D:6      | Found a blossoming altar of Fedhas.
  4472 | D:6      | Reached skill level 5 in Fighting
  4479 | D:6      | Reached skill level 6 in Shields
  4479 | D:6      | Reached XP level 8. HP: 52/62 MP: 8/8
  4563 | D:5      | Identified the +1 leather armour "Orajyimig" {rF+ Dex+2}
                  | (You found it on level 6 of the Dungeon)
  4624 | D:5      | Found Huvuorchokh's Antique Armour Boutique.
  4820 | D:5      | Found Buadd's Weapon Shop.
  4933 | D:5      | Found Yriajunt's Magic Scroll Shop.
  5071 | D:6      | Reached skill level 1 in Stealth
  5071 | D:6      | Reached skill level 1 in Evocations
  5085 | D:6      | Found a sparkling altar of Nemelex Xobeh.
  5094 | D:6      | Reached skill level 1 in Spellcasting
  5835 | D:6      | Found a staircase to the Ecumenical Temple.
  5840 | Temple   | Entered the Ecumenical Temple
  5921 | Temple   | Became a worshipper of Warmaster Okawaru
  6243 | D:7      | Gained mutation: A demonic guardian rushes to your aid.
                  | [demonic ancestry]
  6243 | D:7      | Reached XP level 9. HP: 52/68 MP: 11/11
  6273 | D:7      | Reached skill level 7 in Shields
  6571 | D:7      | Reached * piety under Okawaru
  6731 | D:7      | Found Qikhlaito's Armour Shoppe.
  6804 | D:7      | Found an ancient bone altar of Kikubaaqudgha.
  7072 | D:8      | HP: 4/103 [poisoned by a killer bee]
  7074 | D:8      | Succumbed to a killer bee's poison

Levels and vault maps discovered:
D:1:      dpeg_arrival_windows_large_door, layout_basic
D:2:      layout_loops_ring, overflow_temple_1_default,
          eat_drink_and_be_merry_uskayaw, uniq_terence
D:3:      layout_basic, led_xom_imps, uniq_natasha
D:4:      layout_gridville, serial_shops, shop_statue, shop, nicolae_shop_stone,
          portal_sewer_entry_e, first_ration
D:5:      layout_rooms, serial_shops, shop_statue, kennysheep_little_box,
          nicolae_shop_behind_doors, kennysheep_generic_room_12
D:6:      layout_cave_pools, lemuel_round_altar, lemuel_crystal_altar,
          minmay_temple_entry_nine_rooms
D:7:      layout_loops_ring, lemuel_zombie_altar_kikubaaqudgha, serial_shops,
          nicolae_shop_crystal
D:8:      minmay_the_grid_triangle_9x9_rhombus_full
          [minmay_the_grid_triangle_9x9_negative_grid,
          minmay_the_grid_triangle_9x9_swiss_cheese,
          minmay_the_grid_triangle_9x9_empty,
          minmay_the_grid_triangle_9x9_tough_junction,
          minmay_the_grid_triangle_9x9_zippers_horizontal,
          minmay_the_grid_triangle_9x9_windchime,
          minmay_the_grid_triangle_9x9_sparse_checkered,
          minmay_the_grid_triangle_9x9_prize_special], layout_layer_cave,
          basic_altar, hangedman_abyss_or_decor_passed, grunt_pizzeria
Temple:   nicolae_temple_elliptical

Skill      XL: |  1  2  3  4  5  6  7  8  9 |
---------------+----------------------------+-----
Polearms       | 2 3 4 5 6 |  6.7
Shields        | 3 4 5 6 7 |  7.1
Armour         | 3 |  3.7
Fighting       | 4 5 |  5.8
Stealth        | 1 2 |  2.0
Evocations     | 1 2 |  2.2
Spellcasting   | 1 2 |  2.0

Action                   |  1- 3 |  4- 6 |  7- 9 || total
-------------------------+-------+-------+-------++-------
Melee: Trident           |   155 |   141 |    64 ||   360
       Kick              |       |    22 |    75 ||    97
       Spear             |       |       |   267 ||   267
Throw: Stone             |       |     1 |       ||     1
  Use: Scroll            |     5 |     4 |     2 ||    11
       Potion            |       |       |     4 ||     4
 Stab: Sleeping          |       |       |     5 ||     5
       Distracted        |       |       |     1 ||     1
  Eat: Chunk             |     2 |     4 |     8 ||    14
       Ration            |       |     1 |     1 ||     2
Armor: Scale mail        |    54 |    25 |    20 ||    99
       Leather armour    |       |       |    18 ||    18
Dodge: Dodged            |    32 |    30 |   110 ||   172
Block: Kite shield       |    65 |    42 |   150 ||   257

Table legend:
 A = Non-vault XP
 B = Vault XP
 C = Vault XP percentage of total XP
 D = Non-vault monster count
 E = Vault monster count
 F = Vault count percentage of total count
                 A         B        C        D         E       F
            +---------+---------+-------+---------+---------+-------
      Total |    3234 |     240 |   6.9 |     139 |      18 |  11.5
            +---------+---------+-------+---------+---------+-------
        D:1 |      38 |       0 |   0.0 |      20 |       0 |   0.0
        D:2 |      59 |      31 |  34.4 |      20 |       1 |   4.8
        D:3 |      94 |     171 |  64.5 |       8 |       5 |  38.5
        D:4 |     445 |      32 |   6.7 |      23 |       8 |  25.8
        D:5 |     579 |       0 |   0.0 |      15 |       0 |   0.0
        D:6 |    1044 |       0 |   0.0 |      32 |       0 |   0.0
        D:7 |     914 |       6 |   0.7 |      20 |       4 |  16.7
        D:8 |      61 |       0 |   0.0 |       1 |       0 |   0.0
            +---------+---------+-------+---------+---------+-------
